Match 20077132
Unlisted

Match 20077132
End
Construct Barracks
Riflemen Squad
Riflemen Squad
M1 Mortar Team
Riflemen Squad
Infantry Support Center
Selects Airborne Battlegroup
Selects Heavy Machine Gun Paradrop
Selects Paratrooper Squad Paradrop
Paratrooper Squad Paradrop
Construct Medical Station
Selects Anti-tank Gun Team Paradrop
Heavy Machine Gun Paradrop
Selects Recon Loiter
Engineer Squad
Anti-tank Gun Team Paradrop
Construct Tank Depot
Selects Supply Drop
M4(105) Sherman Bulldozer
Selects Carpet Bombing Run
Construct Weapon Support Center
Recon Loiter
Carpet Bombing Run
M3 Armored Personnel Carrier
Engineer Squad
M4(105) Sherman Bulldozer
Recon Loiter
Supply Drop
M18 Hellcat Tank Destroyer
Recon Loiter
Carpet Bombing Run
Supply Drop
Recon Loiter
M18 Hellcat Tank Destroyer
Engineer Squad
Supply Drop
Recon Loiter
M3 Armored Personnel Carrier
Carpet Bombing Run
Supply Drop
Recon Loiter
Advanced Logistics
Supply Drop
Recon Loiter
Engineer Squad
Supply Drop
Recon Loiter
Carpet Bombing Run
Supply Drop
M18 Hellcat Tank Destroyer
Jesulin
Eber
LuiSBa
Galaxy
MR.DOGO-YT
Soldado Cachopo
0
0

Comments sign in to comment!

No comments posted yet!